Map: Dusk Towers

Players

LilDicky

  • Race: Terran Terran
  • League: Diamond

PerseVerAnce - Winner!

  • Race: Terran Terran
  • League: Diamond

VOD

http://www.twitch.tv/tumescentpie

Description

Time

  • Played on: Jan. 3, 2016, 3:29 a.m.
  • Length: 6:37
Show
View Real Time Build Order
Export as new Build Order

LilDicky Terran 

Build Orders: Reaper Expand 

Get SALT Encoding   

  12  0:03  SCV  
  13  0:15  SCV  
  14  0:27  Supply Depot, SCV  
  15  0:48  SCV  
  16  0:52  Barracks  
  16  0:58  Refinery  
  16  1:00  SCV  
  17  1:13  SCV  
  18  1:25  SCV  
  19  1:38  Command Center, Orbital Command  
  19  1:41  Reaper  
  19  1:47  Refinery  
  20  2:06  SCV  
  21  2:11  Supply Depot  
  22  2:25  Barracks Reactor  
  22  2:27  SCV, Factory  
  22  2:39  SCV  
  22  2:41  Supply Depot  
  23  2:51  SCV, Orbital Command  
  24  3:04  SCV  
  25  3:10  Marine  
  25  3:11  Marine  
  26  3:14  Widow Mine  
  27  3:28  Marine x2  
  27  3:48  Starport  
  27  3:54  Barracks Tech Lab  
  27  4:00  Hellion  
  27  4:01  SCV x2, Hellion  
  33  4:13  SCV x2  
  33  4:14  Engineering Bay  
  35  4:25  SCV x2  
  37  4:44  Hellion x2  
  40  4:47  SCV x2  
  40  4:51  Banshee, Missile Turret  
  40  4:52  Cloaking Field  
  45  4:59  SCV x2  
  47  5:05  Hellion x2  
  51  5:24  SCV  
  51  5:25  SCV  
  51  5:27  Command Center  
  53  5:35  Banshee  
  54  5:42  SCV  
  52  5:44  Orbital Command  
  49  5:55  Widow Mine x2  
  49  5:56  SCV  
  53  6:07  Orbital Command  
Show
View Real Time Build Order
Export as new Build Order

PerseVerAnce Terran - Winner!

Build Orders:  

Get SALT Encoding   

  12  0:00  SCV  
  13  0:12  SCV  
  14  0:17  Supply Depot  
  14  0:25  SCV  
  15  0:29  Refinery  
  15  0:39  SCV  
  16  0:45  Barracks  
  16  0:53  SCV  
  17  1:05  SCV  
  18  1:17  SCV  
  19  1:20  Refinery  
  19  1:32  Reaper  
  20  1:34  Orbital Command  
  20  1:53  Supply Depot  
  19  2:01  SCV  
  19  2:04  Reaper  
  19  2:08  Factory  
  21  2:15  SCV  
  22  2:27  SCV  
  23  2:30  Command Center  
  23  2:36  Barracks Tech Lab  
  23  2:39  SCV  
  25  2:51  SCV  
  25  2:56  Supply Depot  
  25  2:58  Starport, Marine  
  26  3:03  SCV  
  26  3:04  Hellion  
  29  3:25  Hellion  
  31  3:33  SCV  
  30  3:42  Barracks  
  30  3:45  SCV  
  30  3:47  Barracks Reactor  
  32  3:49  Engineering Bay, Orbital Command  
  32  3:50  Factory Tech Lab  
  31  3:57  SCV  
  32  4:04  Banshee  
  32  4:05  Cloaking Field  
  32  4:09  SCV  
  32  4:29  Marine  
  32  4:30  Marine  
  34  4:45  SCV  
  34  4:46  SCV  
  34  4:47  Marine  
  34  4:51  Banshee  
  34  4:52  Siege Tank  
  43  4:55  Barracks Reactor  
  43  4:59  Barracks  
  42  5:03  SCV x2  
  44  5:09  Marine x2  
  46  5:15  SCV x2  
  46  5:20  Armory  
  48  5:27  SCV, Marine x2  
  51  5:39  Marine x2  
  53  5:45  Marine  
  54  5:52  Barracks Reactor  
  54  5:53  Barracks  
  54  5:56  Starport Reactor  
  54  5:58  Supply Depot, Marine  
  54  6:01  Marine x2  
  57  6:08  Marine  
  61  6:16  Marine  
  61  6:18  SCV  
  62  6:19  Engineering Bay  
  62  6:20  SCV  
  62  6:21  Supply Depot  
Tags
 
Add a new tag
Caveats
  • Supply blocks, unpowered buildings, or Contaminate may cause inaccurate times.
  • Supply counts are checked every 10 seconds.